Unix NetHack Version 5.0.0-0 post-release - last build May 23 2026 06:08:33 (1c0ff79ee797540d5714e4e18072db0edd9e58ae,branch:main).

Game began 2026-05-23 13:55:04, ended 2026-05-23 14:02:52.

ArrBianca, chaotic female elven Wizard

             -----
             ....|     ------       --------------
             |...-#    |....|       |............|        -----------
             |...|##   |....|       .....@.......|        |[%(+!/!%?|
             |..<| ####.....|       |....a...P..$|        |?*!!**?!)|
             |...|     |....|       -----.--------        |.*(?%?)%[|
             -----     |....|            ####           ##-.%)}}})?%|
                       .....|               #           # |.%?}}}!*?|
                       ---|--   ## #        #           # |*[?}}}*]]|
                       #####   ####         #          ## |%?(*%!?)%|
                        ###     # #         ###        #  |/[.*+[/?%|
                        #      ## ######   ---.--------#  |)*(*(!![)|
                        #   ####       ####...........|#  -----------
                        #   #              |..........|#
                       -.---#              |..........|#
                       |...-#              |..........|#
                       |...|               |...........#
                       |...|               |..........|
                       -----               ------------

ArrBianca the Conjurer    St:14 Dx:18 Co:16 In:13 Wi:11 Ch:8  Chaotic
Dlvl:5  $:40 HP:0(18) Pw:7(29) AC:9  Xp:3 T:1527 

Latest messages:
 "Hello, ArrBianca!  Welcome to Upernavik's general store!"
 You see here a pancake (for sale, 20 zorkmids).
 You see here 2 eggs (for sale, 24 zorkmids).
 You see here a bronze plate mail (for sale, 533 zorkmids).
 You see here a scroll labeled ETAOIN SHRDLU (for sale, 133 zorkmids).
 You find a small mimic.
 You see here 2 heads of romanesco (for sale, 46 zorkmids).
 You see here a violet gem (for sale, 800 zorkmids).
 The fog cloud engulfs you!
 You are laden with moisture and can barely breathe!
 You hit the fog cloud.
 You are enveloped in a cloud of steam!
 You destroy the fog cloud!
 In what direction? k
 The spell hits the acid blob!
 You kill the acid blob!
 You see here an acid blob corpse.
 Step into that vapor cloud? [yn] (n) n
 You hear the chime of a cash register.
 You see here an acid blob corpse.
 What do you want to eat? [q or ?*] y
 You cannot eat that!
 You see here an acid blob corpse.
 There is an acid blob corpse here; eat it? [ynq] (n) y
 You have a very bad case of stomach acid.
 You finish eating the acid blob corpse.
 You find a hidden passage.
 In what direction? j
 The spell misses the giant ant.
 The giant ant bites!
 You miss the giant ant.
 The giant ant bites!
 The giant ant bites!
 In what direction? j
 The spell misses the giant ant.
 The giant ant bites!
 The giant ant bites!
 You miss the giant ant.
 The giant ant bites!
 The giant ant bites!
 You miss the giant ant.
 The giant ant bites!
 In what direction? j
 The spell misses the giant ant.
 The giant ant bites!
 In what direction? j
 The spell hits the giant ant!
 The giant ant bites!
 You die...
 Do you want your possessions identified? [ynq] (y) q

Inventory:
 Coins    ('$')
  $ - 40 gold pieces
 Weapons  (')')
  A - a +0 knife
  a - a blessed +1 quarterstaff (weapon in hands)
 Armor    ('[')
  w - an uncursed +0 pair of jumping boots
  b - an uncursed +0 cloak of magic resistance (being worn)
 Comestibles  ('%')
  q - 3 uncursed food rations
 Scrolls  ('?')
  k - a blessed scroll of magic mapping
  t - an uncursed scroll of scare monster
  j - a blessed scroll of teleportation
 Spellbooks  ('+')
  m - an uncursed spellbook of cure sickness
  l - a blessed spellbook of force bolt
 Potions  ('!')
  u - a blessed potion of full healing
  g - an uncursed potion of gain ability
  h - an uncursed potion of healing
  B - an uncursed potion of levitation
  C - an uncursed potion of oil
  f - a blessed potion of speed
 Rings    ('=')
  d - an uncursed ring of fire resistance
  e - an uncursed +1 ring of gain constitution (on right hand)
 Wands    ('/')
  E - a wand of create monster (0:13)
  c - a wand of polymorph (0:6)
  y - a wand of teleportation (0:3)
  s - a wand of undead turning (0:6)
 Tools    ('(')
  v - a cursed bag of tricks (0:19)
  o - an uncursed wooden harp
  n - a magic marker (0:20)
 Gems/Stones  ('*')
  D - an uncursed worthless piece of red glass

ArrBianca the Wizard's attributes:

Background:
 You were a Conjurer, a level 3 female elven Wizard.
 You were chaotic, nominally on a mission for Anhur
 who was opposed by Ptah (lawful) and Thoth (neutral).
 You were right-handed.
 You were in the Dungeons of Doom, on level 5.
 You entered the dungeon 1527 turns ago.
 You had 67 experience points, 13 more were needed to attain level 4.

Basics:
 You had 0 out of 18 hit points.
 You had 7 out of 29 energy points (spell power).
 Your armor class was 9.
 Your wallet contained 40 zorkmids.
 Autopickup was on for '$?!/="+%' plus thrown, with exceptions.

Final Characteristics:
 Your strength was 14 (limit:18).
 Your dexterity was 18 (limit:18).
 Your constitution was 16 (base:15, limit:16).
 Your intelligence was 13 (limit:20).
 Your wisdom was 11 (limit:20).
 Your charisma was 8 (limit:18).

Final Status:
 You weren't hungry.
 You were unencumbered.
 You were wielding a quarterstaff.
 You had basic skill with quarterstaff.

Final Attributes:
 You were devoutly aligned.
 You were magic-protected.
 You had infravision.
 You were warded.
 You are dead.

Miscellaneous:
 You didn't encounter any bones levels.
 Total elapsed playing time was 7 minutes and 48 seconds.

Major events:
 Turn
    1: ArrBianca the chaotic female elven Wizard entered the dungeon
 1119: attained the rank of Conjurer (level 3)
 1527: killed by a giant ant

Spells:
 Name                 Level Category     Fail Retention
 force bolt             1   attack         0%  91%-100%
 cure sickness          3   healing       98%  76%-100%

Skills:
 Fighting Skills
   bare handed combat [Unskilled]
   riding             [Unskilled]
 Weapon Skills
   dagger             [Unskilled]
   knife              [Unskilled]
   axe                [Unskilled]
   short sword        [Unskilled]
   club               [Unskilled]
   mace               [Unskilled]
   quarterstaff       [Basic]
   polearms           [Unskilled]
   spear              [Unskilled]
   trident            [Unskilled]
   sling              [Unskilled]
   dart               [Unskilled]
   shuriken           [Unskilled]
 Spellcasting Skills
   attack spells      [Basic]
   healing spells     [Unskilled]
   divination spells  [Unskilled]
   enchantment spells [Basic]
   clerical spells    [Unskilled]
   escape spells      [Unskilled]
   matter spells      [Unskilled]

Voluntary challenges:
 Character rerolling was not enabled.
 You were an atheist.
 You never genocided any monsters.
 You never polymorphed an object.
 You never changed form.
 You used no wishes.
Achievements:
 You entered a shop.
 You attained the rank of Conjurer.

 The Dungeons of Doom: levels 1 to 5
    Level 1:
       A fountain.
    Level 2:
       A food shop.
    Level 3:
    Level 4:
       A general store.
    Level 5: <- You were here.
       A general store.
       Final resting place for
          you, killed by a giant ant.


Vanquished creatures:
  a fog cloud
  a kitten
 an orc zombie
 an acid blob
  a gecko
  4 jackals
  a goblin
  a grid bug
  6 lichens
  a newt
18 creatures vanquished.

No species were genocided or became extinct.

Game over:
                       ----------
                      /          \
                     /    REST    \
                    /      IN      \
                   /     PEACE      \
                  /                  \
                  |    ArrBianca     |
                  |      40 Au       |
                  |   killed by a    |
                  |    giant ant     |
                  |                  |
                  |                  |
                  |       2026       |
                 *|     *  *  *      | *
        _________)/\\_//(\/(/\)/\//\/|_)_______

Goodbye ArrBianca the Wizard...

You died in The Dungeons of Doom on dungeon level 5 with 504 points,
and 40 pieces of gold, after 1527 moves.
You were level 3 with a maximum of 18 hit points when you died.

